Map: Scythe of Amon

Players

Chacal

  • Race: Protoss Protoss
  • Spawn Location: 5:00

Ratl

  • Race: Protoss Protoss
  • League: Silver
  • Spawn Location: 5:00

VOD

Have the link to the VOD?

Description

Time

  • Played on: Jan. 12, 2020, 5:54 p.m.
  • Length: 13:13
Show
View Real Time Build Order
Export as new Build Order

Chacal Protoss 

Build Orders:  

Get SALT Encoding   

  12  0:01  Probe (Chrono Boost)  
  13  0:13  Probe (Chrono Boost)  
  14  0:35  Pylon  
  14  0:53  Assimilator  
  14  1:08  Gateway  
  14  1:15  Gateway  
  14  1:19  Probe (Chrono Boost)  
  15  1:31  Probe (Chrono Boost)  
  16  1:56  Probe (Chrono Boost)  
  17  2:08  Probe (Chrono Boost)  
  17  2:16  Sentinel  
  18  2:20  Probe (Chrono Boost)  
  21  2:32  Probe (Chrono Boost)  
  22  2:44  Probe (Chrono Boost)  
  23  2:56  Forge  
  23  3:01  Assimilator  
  23  3:13  Pylon  
  23  3:25  Pylon  
  23  3:28  Pylon  
  23  3:32  Pylon  
  23  3:33  Sentinel  
  23  3:39  Pylon  
  25  3:45  Shield Battery  
  25  3:50  Sentinel  
  27  4:06  Sentinel  
  27  4:35  Pylon  
  27  4:56  Sentinel  
  27  5:00  Sentinel  
  31  5:16  Photon Cannon  
  31  5:29  Sentinel  
  31  5:33  Sentinel  
  35  6:02  Sentinel  
  37  6:48  Cybernetics Core  
  25  8:48  Energizer  
  21  8:54  Sentinel  
  25  9:20  Energizer  
  25  9:27  Sentinel  
  27  9:31  Protoss Air Weapons Level 1  
  27  9:35  Gateway  
  27  9:39  Probe (Chrono Boost)  
  30  9:52  Probe (Chrono Boost), Energizer  
  33  10:00  Sentinel  
  33  10:04  Probe (Chrono Boost)  
  36  10:16  Probe (Chrono Boost)  
  37  10:24  Energizer  
  37  10:28  Probe (Chrono Boost)  
  39  10:33  Sentinel  
  42  10:57  Energizer  
  42  11:06  Sentinel  
  42  11:07  Sentinel  
  48  11:29  Sentinel  
  48  11:39  Energizer  
  50  11:40  Sentinel  
  44  12:02  Sentinel  
  42  12:12  Energizer  
  42  12:13  Sentinel  
Show
View Real Time Build Order
Export as new Build Order

Ratl Protoss 

Build Orders:  

Get SALT Encoding   

  12  0:00  Probe (Chrono Boost)  
  13  0:12  Probe (Chrono Boost)  
  14  0:31  Pylon  
  14  0:37  Probe (Chrono Boost)  
  15  0:51  Assimilator  
  15  0:54  Probe (Chrono Boost)  
  16  1:05  Pylon  
  16  1:06  Probe (Chrono Boost)  
  17  1:18  Probe (Chrono Boost)  
  17  1:29  Gateway  
  18  1:30  Probe (Chrono Boost)  
  19  1:42  Probe (Chrono Boost)  
  20  1:54  Probe (Chrono Boost), Assimilator  
  21  2:04  Gateway  
  21  2:06  Probe (Chrono Boost)  
  22  2:18  Probe (Chrono Boost)  
  23  2:30  Probe (Chrono Boost)  
  23  2:34  Cybernetics Core  
  24  2:42  Probe (Chrono Boost)  
  25  2:50  Zealot  
  25  2:54  Probe (Chrono Boost)  
  28  3:07  Probe (Chrono Boost)  
  29  3:11  Zealot  
  31  3:25  Pylon  
  31  3:36  Pylon  
  31  3:48  Probe (Chrono Boost), Gateway  
  31  3:52  Pylon  
  31  3:56  Pylon  
  32  4:00  Probe (Chrono Boost)  
  32  4:08  Zealot  
  35  4:21  Zealot x2  
  39  4:33  Dragoon  
  41  4:52  Dragoon x2  
  45  5:38  Dragoon x2  
  45  5:39  Dragoon x2  
  51  6:07  Zealot x3  
  51  6:08  Zealot  
  59  6:36  Forge  
  57  6:40  Forge  
  57  7:01  Dragoon x2  
  61  7:10  Protoss Ground Armor Level 1  
  61  7:15  Protoss Ground Weapons Level 1  
  53  8:05  Dragoon x4  
  53  8:06  Dragoon  
  55  9:14  Dragoon  
  55  9:15  Dragoon x5  
  55  9:16  Dragoon  
  59  9:29  Probe (Chrono Boost)  
  60  9:43  Probe (Chrono Boost)  
  61  9:58  Probe (Chrono Boost)  
  62  10:13  Probe (Chrono Boost)  
  63  10:33  Pylon  
  63  10:35  Pylon x2  
  63  10:36  Pylon  
  63  10:38  Pylon  
  63  10:41  Pylon  
  63  10:59  Dragoon  
  65  11:00  Dragoon  
  65  11:09  Probe (Chrono Boost)  
  68  11:17  Zealot x3  
  74  11:23  Probe (Chrono Boost)  
  75  11:32  Twilight Council  
  75  11:47  Dragoon x2  
  59  12:09  Dragoon x2  
  57  12:22  Probe (Chrono Boost)  
  54  12:37  Probe (Chrono Boost)  
  43  12:48  Dragoon x2  
  47  12:51  Probe (Chrono Boost)  
Tags
 
Commander
ArtanisKarax
League
Silver
Matchup
Co-op
Add a new tag
Caveats
  • Supply blocks, unpowered buildings, or Contaminate may cause inaccurate times.
  • Supply counts are checked every 10 seconds.